 Seeded DCSS version 0.30.1-9-gdf580d7c3d (webtiles) character file.

Game seed: 6351066067085065685 (custom seed)

261 Esekla the Magician (level 5, 0/28 HPs)
             Began as a Deep Elf Wanderer on Oct 14, 2023.
             Was a Follower of Vehumet.
             Slain by a sleepcap (21 damage)
             ... on level 5 of the Dungeon on Oct 15, 2023.
             The game lasted 00:21:09 (2892 turns).

Esekla the Magician (Deep Elf Wanderer)             Turns: 2892, Time: 00:21:09

Health: 0/28       AC:  4    Str: 11    XL:     5   Next: 96%
Magic:  16/16      EV:  2    Int: 20    God:    Vehumet [*.....]
Gold:   195        SH:  0    Dex: 14    Spells: 9/17 levels left

rFire   . . .        s - +5 rapier of the Hero {heavy, rN+ Dex+3}
rCold   . . .        d - +0 buckler
rNeg    + . .        c - +0 robe
rPois   .            k - +0 helmet
rElec   .            (no cloak)
rCorr   .            j - +0 pair of gloves
SInv    .            (no boots)
Will    .....        A - amulet of magic regeneration
Stlth   ++           (no ring)
HPRegen 0.24/turn    (no ring)
MPRegen 0.55/turn

%: no passive effects
@: sleeping
A: no striking features
a: Renounce Religion


You were on level 5 of the Dungeon.
You worshipped Vehumet.
Vehumet was aware of your devotion.
You visited 1 branch of the dungeon, and saw 5 of its levels.

You collected 195 gold pieces.

Inventory:

Hand Weapons
 a - a +1 short sword of freezing
 r - a +0 spear
 s - the +5 rapier of the Hero (weapon) {heavy, rN+ Dex+3}
   (You found it on level 3 of the Dungeon)

   Dex:       It affects your dexterity (+3).
   rN:        It protects you from negative energy.
Missiles
 w - 8 poisoned darts (quivered)
Armour
 c - a +0 robe (worn)
 d - a +0 buckler (worn)
 j - a +0 pair of gloves (worn)
 k - a +0 helmet (worn)
Jewellery
 A - an amulet of magic regeneration (around neck)
Wands
 x - a wand of roots (6)
Scrolls
 g - 3 scrolls of identify {unknown}
 m - 2 scrolls of enchant weapon {unknown}
 n - a scroll of amnesia {unknown}
 o - a scroll of enchant armour {unknown}
 p - a scroll of immolation {unknown}
 q - a scroll of blinking {unknown}
 u - a scroll of fog {unknown}
 y - a scroll of silence {unknown}
 z - a scroll of magic mapping {unknown}
Potions
 b - 2 potions of lignification
 e - a potion of ambrosia {unknown}
 f - 2 potions of attraction {unknown}
 h - a potion of heal wounds {unknown}
 i - 2 potions of curing {unknown}
 l - a potion of mutation {unknown}
 t - a potion of haste {unknown}
 v - 3 potions of brilliance {unknown}


   Skills:
 + Level 0.8 Short Blades
 + Level 0.2 Throwing
 * Level 2.0 Dodging
 + Level 1.4 Stealth
 + Level 1.8 Shields
 * Level 6.7 Spellcasting
 + Level 1.6 Conjurations
 * Level 3.0 Necromancy
 + Level 2.6 Translocations
 + Level 1.0 Invocations


You had 9 spell levels left.
You knew the following spells:

 Your Spells              Type           Power      Damage    Failure   Level
a - Magic Dart            Conj           52%        1d5       8%          1
b - Blink                 Tloc           34%        N/A       7%          2
d - Vampiric Draining     Necr           19%        2d7       12%         3
e - Shock                 Conj/Air       36%        1d5       11%         1
p - Apportation           Tloc           34%        N/A       4%          1

Your spell library contained the following spells:

 Spells                   Type           Power      Damage    Failure   Level
 Lesser Beckoning         Tloc           34%        N/A       7%          2
 Gell's Gravitas          Tloc           17%        N/A       14%         3
 Teleport Other           Tloc           17%        N/A       14%         3
 Ignite Poison            Fire/Tmut/Pois 6%         N/A       38%         3
 Spider Form              Tmut/Pois      6%         N/A       38%         3
 Cause Fear               Hex            3%         N/A       80%         4
 Summon Mana Viper        Hex/Summ       6%         N/A       98%         5


Dungeon Overview and Level Annotations

Branches:
Dungeon (5/15)
 Temple: D:4-7

Altars:
Dithmenos
Hepliaklqana
Okawaru
Qazlal
Trog
Vehumet
Zin

Shops:
D:2 =   D:4 (


Message History

The scorpion stings you. The scorpion closely misses you.
You completely miss the scorpion.
The scorpion is severely wounded.
You feel very sick. You block the scorpion's attack.
The scorpion closely misses you.
The scorpion stings you but does no damage.
You closely miss the scorpion.
The scorpion is severely wounded.
You feel sick. The scorpion stings you!
* * * LOW HITPOINT WARNING * * *
The scorpion completely misses you.
Okay, then.
You puncture the scorpion!
You kill the scorpion!
Vehumet accepts your kill.
You feel sick.
Your Dodging skill increases to level 2!
Your Necromancy skill increases to level 3!
You feel sick.
You are no longer poisoned.
You start resting.
HP restored.
An orc comes into view. It is wielding a +0 club.
The helpless orc fails to defend itself.
You puncture the orc!
You kill the orc!
Vehumet accepts your kill.
A sleepcap comes into view.
You hit the sleepcap.
The sleepcap is lightly damaged.
The sleepcap releases spores at you but does no damage.
The sleepcap barely misses you.
You puncture the sleepcap!
The sleepcap is heavily damaged.
The sleepcap closely misses you. The sleepcap releases spores at you!
You are engulfed in a cloud of soporific spores!
You fall asleep.
The sleepcap releases spores at you!!
Ouch! That really hurt!
You die...

#... .#.#
...## ....
#..# #.# #..#
#.# #..###.###
#.# #..@f....#
$ #.#
##.###.#.# .
#.# #.# . #.#
##.# # #.#
##..# #
#.####...###.
#
#............#
#
###..#####.#.#
# ##...)...#.#
##


You could see a sleepcap.

Vanquished Creatures
  2 scorpions (D:5)
  A hound (D:3)
  An iguana (D:2)
  4 adders
  2 dart slugs
  4 orcs
  4 endoplasms
  8 goblins
  4 hobgoblins
  A quokka (D:1)
  6 ball pythons
  4 bats
  4 frilled lizards
  4 kobolds
49 creatures vanquished.

Notes
Turn   | Place    | Note
-------+----------+-------------------------------------------
     0 | D:1      | Esekla the Deep Elf Wanderer began the quest for the Orb.
     0 | D:1      | Esekla set off with the following items: a +0 club, a
                  | potion of lignification, a +0 robe, a +0 buckler; and the
                  | following spells available to memorise: Apportation, Blink,
                  | Lesser Beckoning, Magic Dart, Ignite Poison, Vampiric
                  | Draining.
     0 | D:1      | Reached XP level 1. HP: 10/10 MP: 7/7
     2 | D:1      | Learned a level 1 spell: Magic Dart
     4 | D:1      | Learned a level 1 spell: Apportation
   247 | D:2      | Found Renulab's Jewellery Shop.
   449 | D:4      | Found a radiant altar of Vehumet.
   453 | D:4      | Became a worshipper of Vehumet
   469 | D:4      | Found an iron altar of Okawaru.
   480 | D:4      | Found a glowing silver altar of Zin.
   664 | D:4      | Found Ponaysk's Antique Weapon Boutique.
   821 | D:3      | Reached skill level 1 in Dodging
   880 | D:3      | Reached XP level 2. HP: 15/15 MP: 6/9
   887 | D:3      | Learned a level 2 spell: Blink
  1074 | D:3      | Identified the +5 rapier of the Hero {heavy, rN+ Dex+3}
  1094 | D:2      | Reached skill level 5 in Spellcasting
  1222 | D:2      | Reached XP level 3. HP: 19/19 MP: 7/11
  1226 | D:2      | Learned a level 3 spell: Vampiric Draining
  1474 | D:1      | Reached * piety under Vehumet
  1474 | D:1      | Offered knowledge of Shock by Vehumet.
  1492 | D:1      | Learned a level 1 spell: Shock
  1664 | D:2      | Found a faded altar of an unknown god.
  1710 | D:2      | Reached skill level 1 in Conjurations
  1710 | D:2      | Reached XP level 4. HP: 11/24 MP: 7/13
  1842 | D:2      | Noticed a black bear
  2038 | D:3      | Reached skill level 6 in Spellcasting
  2078 | D:2      | Reached skill level 1 in Necromancy
  2345 | D:3      | Found a stormy altar of Qazlal.
  2394 | D:3      | Found a hazy altar of Hepliaklqana.
  2394 | D:3      | Found a bloodstained altar of Trog.
  2634 | D:5      | Entered Level 5 of the Dungeon
  2637 | D:5      | Got the Parchment of the Lumpy Olives
  2655 | D:5      | Found a shadowy altar of Dithmenos.
  2719 | D:5      | Reached XP level 5. HP: 25/28 MP: 15/15
  2892 | D:5      | Slain by a sleepcap

Illustrated notes

Levels and vault maps discovered:
D:1:      sevenhm_arrival_forest_fort_small_3, layout_rooms,
          chequers_serial_rivers_room_b, minmay_misc_feat_five
D:2:      layout_loops_ring, dreamdust_ecumenical_altar_angels_and_demons,
          serial_shops, shop
D:3:      layout_basic, grunt_temple_overflow_open, minmay_misc_feat_iff
D:4:      layout_basic, nicolae_overflow_quartered_altars, serial_shops,
          nicolae_diamond_shop
D:5:      layout_loops_ring, lemuel_doored_altar, minmay_misc_feat_rows,
          dreamdust_wishing_well

Skill      XL: |  1  2  3  4  5 |
---------------+----------------+-----
Dodging        | 1 2 |  2.0
Spellcasting   | 5 6 |  6.7
Conjurations   | 1 |  1.6
Necromancy     | 2 3 |  3.0
Short Blades   | |  0.8
Throwing       | |  0.2
Stealth        | |  1.4
Shields        | |  1.8
Translocations | |  2.6
Invocations    | |  1.0

Action                     |  1- 3 |  4- 6 || total
---------------------------+-------+-------++-------
  Melee: Short sword       |    24 |       ||    24
         Rapier            |    11 |    24 ||    35
  Throw: Dart              |     3 |     4 ||     7
   Cast: Apportation       |    21 |    11 ||    32
         Magic Dart        |    64 |    13 ||    77
         Vampiric Draining |     1 |     1 ||     2
         Blink             |     1 |     1 ||     2
    Use: Scroll            |     1 |       ||     1
   Stab: Sleeping          |       |     2 ||     2
 Armour: Robe              |    15 |    10 ||    25
  Dodge: Dodged            |    33 |    21 ||    54
  Block: Buckler           |     5 |     3 ||     8
